 Dungeon Crawl Stone Soup version 0.28-a0-691-gad6df49e81 (webtiles) character file.

Game seed: 7461418193119206791

67 ytrimaz the Skirmisher (level 3, -2/51 HPs)
             Began as a Minotaur Berserker on Oct 20, 2021.
             Was a Follower of Trog.
             Slain by a black bear (3 damage)
             ... on level 3 of the Dungeon.
             The game lasted 00:02:00 (2243 turns).

ytrimaz the Skirmisher (Minotaur Berserker)         Turns: 2243, Time: 00:02:05

Health: -2/51      AC:  7    Str: 22    XL:     3   Next: 98%
Magic:  2/2        EV: 11    Int:  4    God:    Trog [*.....]
Gold:   81         SH:  0    Dex:  9    Spells: 2/2 levels left

rFire   . . .      SeeInvis .   b - +0 hand axe (flame)
rCold   . . .      Faith    .   (no shield)
rNeg    . . .      Spirit   .   m - +0 ring mail
rPois   .          Reflect  .   (helmet restricted)
rElec   .          Harm     .   (no cloak)
rCorr   .          Rampage  .   j - +0 pair of gloves
Will    .....                   n - +0 pair of boots
Stlth   ..........              p - amulet of the acrobat
HPRegen 0.17/turn               (no ring)
MPRegen 0.08/turn               (no ring)

@: berserking, very quick
A: horns 2, retaliatory headbutt
a: Renounce Religion, Berserk


You were on level 3 of the Dungeon.
You worshipped Trog.
Trog was aware of your devotion.
You visited 1 branch of the dungeon, and saw 3 of its levels.

You collected 81 gold pieces.

Inventory:

Hand Weapons
 a - a +0 hand axe
 b - a +0 hand axe of flaming (weapon)
Armour
 j - a +0 pair of gloves (worn)
 m - a +0 ring mail (worn)
 n - a +0 pair of boots (worn)
Jewellery
 h - a ring of fire
 p - an amulet of the acrobat (around neck)
Scrolls
 c - 3 scrolls of identify {unknown}
 d - a scroll of enchant weapon {unknown}
 f - a scroll of fear {unknown}
 g - 3 scrolls of enchant armour {unknown}
 o - a scroll of fog {unknown}
Potions
 e - 2 potions of resistance {unknown}
 i - a potion of might {unknown}
 k - a potion of mutation {unknown}
 l - a potion of heal wounds {unknown}
 q - a potion of degeneration {unknown}
 r - a potion of flight {unknown}


   Skills:
 + Level 4.5 Fighting
 + Level 4.5 Axes
 + Level 2.8 Armour
 + Level 2.8 Dodging


You had 2 spell levels left.
You didn't know any spells.
Your spell library was empty.

Dungeon Overview and Level Annotations

Branches:
Dungeon (3/15)

Altars:


Innate Abilities, Weirdness & Mutations

You have a pair of horns on your head.
You reflexively headbutt those who attack you in melee.


Message History

The black bear claws you but does no damage.
The black bear claws you.
You hit the black bear. You burn the black bear.
The black bear is almost dead.
The black bear bites you.
The black bear claws you but does no damage.
The black bear claws you.
You hit the black bear but do no damage.
The black bear is almost dead.
The black bear goes berserk!
You barely miss the black bear.
The black bear is almost dead.
The black bear bites you. The black bear barely misses you. x2
The black bear bites you.
* * * LOW HITPOINT WARNING * * *
The black bear misses you. The black bear closely misses you.
A red film seems to cover your vision as you go berserk!
You feel yourself moving faster!
You feel mighty! The black bear closely misses you.
The black bear claws you but does no damage.
The black bear claws you.
* * * LOW HITPOINT WARNING * * *
You are too berserk!
You barely miss the black bear.
The black bear is almost dead.
The black bear bites you but does no damage.
The black bear claws you but does no damage. x2
You closely miss the black bear.
The black bear is almost dead.
The black bear bites you!
* * * LOW HITPOINT WARNING * * *
The black bear misses you. The black bear claws you.
* * * LOW HITPOINT WARNING * * *
You barely miss the black bear.
The black bear is almost dead.
The black bear barely misses you.
The black bear claws you but does no damage. x2
The black bear bites you but does no damage.
The black bear closely misses you. The black bear claws you.
You die...

..#
♣♣≈...≈...≈♣♣
#. ###
♣♣≈.≈.≈.≈♣♣
#. ♣♣≈...≈♣♣
#. ♣♣...♣♣ #.
##'''# #....#
#.>### ##.#
#@# #h# #..
♣..# ≈≈.#
♣P.# ≈P## .♣#


You could see a black bear (berserk).

Vanquished Creatures
  Jessica (D:2)
  A worm (D:2)
  2 dart slugs (D:3)
  A ball python (D:1)
  An endoplasm (D:2)
  2 giant cockroaches (D:2)
  3 goblins
  3 hobgoblins
  4 jackals (D:2)
  A quokka (D:2)
  3 bats
  2 frilled lizards
  5 kobolds
  2 rats
31 creatures vanquished.

Notes
Turn   | Place    | Note
-------+----------+-------------------------------------------
     0 | D:1      | ytrimaz the Minotaur Berserker began the quest for the Orb.
     0 | D:1      | Reached XP level 1. HP: 19/19 MP: 0/0
   791 | D:2      | Reached XP level 2. HP: 23/27 MP: 1/1
  1160 | D:2      | Found a faded altar of an unknown god.
  1167 | D:2      | Noticed Jessica
  1171 | D:2      | Killed Jessica
  1172 | D:2      | Reached XP level 3. HP: 27/34 MP: 2/2
  2227 | D:3      | Noticed a black bear
  2242 | D:3      | HP: 2/51 [black bear (8)]
  2243 | D:3      | Slain by a black bear

Illustrated notes

Levels and vault maps discovered:
D:1:      sevenhm_arrival_forest_fort_large_2, layout_rooms
D:2:      layout_basic, chequers_ecumenical_altar_twisty, uniq_jessica
D:3:      layout_basic, kennysheep_cluttered_room, minivault_25,
          serial_bayou_pond_e, minmay_goblin_kobold_house

Skill      XL: |  1  2 |
---------------+-------+-----
Axes           | 4 |  4.5
Fighting       | 4 |  4.5
Armour         | |  2.8
Dodging        | |  2.8

Action                   || total
-------------------------++-------
Melee: Hand axe          ||    77
       Headbutt          ||    10
Invok: Berserk           ||     2
Armor: Animal skin       ||    17
       Ring mail         ||    26
Dodge: Dodged            ||    57

Table legend: (Time is in decaauts)
 A = Elapsed time spent in this place.
 B = Non-inter-level travel time spent in this place.
 C = Inter-level travel time spent in this place.
 D = Time resting spent in this place.
 E = Time spent auto-exploring this place.
 F = Levels seen in this place.
 G = Mean time per level.
                   A        B        C        D        E       F      G
               +--------+--------+--------+--------+--------+-----+--------+
         Total |   2256 |   2138 |    118 |      0 |   1761 |   3 |  752.0 |
       Dungeon |   2256 |   2138 |    118 |      0 |   1761 |   3 |  752.0 |
               +--------+--------+--------+--------+--------+-----+--------+

Top non-repeatable levels by time:
     D:2: 1240 daAuts
     D:1: 740 daAuts
     D:3: 276 daAuts
